AoeStats
← Mich_LDDG

Arena

510628136Analyzed
2v2 RM · 12h ago on Oct 1, 2026· 89m 26s· 4 players
Game mode
Random Map
Map size
Medium (4 player)
Population
200
Speed
Normal
Resources
Standard
Victory
Conquest
Starting age
Dark Age
Ending age
Imperial Age
RankedLock teamsTeams togetherTeam positionsShared explorationLock speedFull tech treeHidden civsTurbo modeCheats
Victory
Defeat
🇵🇱 Franks · Poland
728
+15
🇮🇹 Persians · Italy
627
+18
🇫🇷 Vietnamese · France
702
-17
🇨🇴 Shu · Colombia
680
-16
Mich_LDDG
3:42 Loom
11:17 Feudal Age
11:56 Horse Collar
13:15 Double-Bit Axe
16:19 Gold Mining
16:31 Stone Mining
21:34 Wheelbarrow
23:00 Castle Age
25:40 Heavy Plow
27:12 Bow Saw
27:07 Squires
31:04 Chatras
32:04 Husbandry
32:45 Crossbowman
33:36 Thumb Ring
37:19 Scale Barding Armor
37:25 Forging
37:06 Fletching
37:17 Padded Archer Armor
38:51 Chain Barding Armor
39:24 Hand Cart
40:51 Bodkin Arrow
46:30 Imperial Age
49:20 Chemistry
48:41 Ballistics
isarco25girasoles
10:49 Feudal Age
13:16 Forging
13:10 Double-Bit Axe
13:44 Horse Collar
16:03 Man-at-Arms
18:32 Gold Mining
21:46 Castle Age
21:36 Scale Mail Armor
21:50 Pikeman
22:28 Long Swordsman
23:37 Chain Mail Armor
24:10 Bow Saw
24:03 Heavy Plow
23:55 Stone Mining
24:15 Pikeman
27:17 Scale Barding Armor
34:20 Fortified Wall
34:30 Ballistics
36:50 Imperial Age
34:58 Wheelbarrow
36:23 Hand Cart
40:02 Plate Mail Armor
39:53 Chain Barding Armor
39:44 Heavy Hei Guang Cavalry
42:22 Padded Archer Armor
45:30 Chemistry
44:36 Siege Engineers
44:25 Halberdier
44:51 Gambesons
47:14 Gold Shaft Mining
47:21 Murder Holes
46:49 Elite White Feather Guard
51:18 Fletching
51:44 Leather Archer Armor
51:41 Squires
55:37 Two-Man Saw
65:55 Onager
71:27 Plate Barding Armor
79:38 Elite Skirmisher
84:34 Bodkin Arrow
88:01 Bracer
patolo9393
9:08 Feudal Age
11:24 Wheelbarrow
19:23 Castle Age
17:35 Horse Collar
36:58 Hand Cart
39:16 Gold Mining
48:59 Scale Barding Armor
49:05 Forging
57:49 Double-Bit Axe
59:33 Bow Saw
66:36 Imperial Age
67:14 Heavy Plow
67:43 Chain Barding Armor
67:59 Iron Casting
67:52 Conscription
72:07 Bloodlines
71:59 Husbandry
72:56 Plate Barding Armor
73:23 Blast Furnace
77:15 Gold Shaft Mining
79:44 Elite War Elephant
89:16 Caravan
psilocibes
11:37 Feudal Age
12:52 Loom
15:36 Double-Bit Axe
18:10 Castle Age
17:34 Gold Mining
18:45 Forging
20:30 Husbandry
24:05 Fervor
24:34 Scale Barding Armor
26:51 Bow Saw
29:25 Wheelbarrow
30:28 Iron Casting
31:33 Hand Cart
32:09 Gold Shaft Mining
32:50 Stone Mining
38:20 Imperial Age
37:21 Sanctity
38:46 Chain Barding Armor
39:08 Town Watch
40:23 Cavalier
42:18 Plate Barding Armor
42:45 Blast Furnace
42:57 Paladin
47:00 Chivalry
47:47 Conscription
51:44 Town Patrol
55:29 Pikeman
56:11 Squires
57:37 Caravan
59:54 Halberdier
62:58 Capped Ram
70:38 Coinage
70:20 Scale Mail Armor
74:25 Hoardings
74:13 Chain Mail Armor
80:53 Arson
Connection lost

Rejoining the realm…

Still unreachable

The connection could not be restored.

Session expired

The server has moved on; the page needs a fresh start.